 Dungeon Crawl Stone Soup version 0.22.1-2-g9c5b331 (webtiles) character file.

29 myga the Vexing (level 2, -3/20 HPs)
             Began as a Demigod Enchanter on Dec 8, 2018.
             Slain by a worm (8 damage)
             ... on level 2 of the Dungeon.
             The game lasted 00:05:15 (1379 turns).

myga the Vexing (Demigod Enchanter)                 Turns: 1379, Time: 00:05:16

Health: -3/20      AC:  4    Str: 11    XL:     2   Next: 81%
Magic:  2/7        EV: 12    Int: 19    God:
Gold:   46         SH:  0    Dex: 16    Spells: 2/5 levels left

rFire    + . .     SeeInvis .   a - +1 dagger
rCold    . . .     Gourm    .   (no shield)
rNeg     . . .     Faith    .   i - +0 robe
rPois    .         Spirit   .   b - +1 helmet
rElec    .         Reflect  .   (no cloak)
rCorr    .         Harm     .   (no gloves)
MR       .....                  (no boots)
Stlth    ++........             (no amulet)
HPRegen  0.06/turn              h - ring of protection from fire
MPRegen  0.10/turn              (no ring)

@: no status effects
A: high mp 1
a: no special abilities


You were on level 2 of the Dungeon.
You were very hungry.

You visited 1 branch of the dungeon, and saw 2 of its levels.

You collected 46 gold pieces.

Inventory:

Hand Weapons
 a - a +1 dagger (weapon)
Missiles
 k - 22 arrows
 n - 72 stones (quivered)
Armour
 b - a +1 helmet (worn)
 f - a +0 leather armour
 i - a +0 robe (worn)
 l - a +0 cloak
Jewellery
 h - a ring of protection from fire (left hand)
Scrolls
 c - 2 scrolls of teleportation
 e - a scroll of identify {unknown}
 g - a scroll of noise {unknown}
 j - a scroll of magic mapping {unknown}
 m - a scroll of immolation {unknown}
 p - a scroll of remove curse {unknown}
Potions
 o - a potion of flight {unknown}
Comestibles
 d - 2 rations


   Skills:
 + Level 1.2 Short Blades
 + Level 1.9 Dodging
 + Level 3.0 Stealth
 + Level 2.0 Spellcasting
 + Level 3.1 Hexes
 + Level 0.1 Ice Magic


You had 2 spell levels left.
You knew the following spells:

 Your Spells              Type           Power        Failure   Level  Hunger
a - Corona                Hex            ##.....      4%          1    #......
b - Ensorcelled Hibernat  Hex/Ice        #.....       13%         2    ###....

Your spell library contained the following spells:

 Spells                   Type           Power        Failure   Level  Hunger
 Confuse                  Hex            ##......     14%         3    ###....
 Tukima's Dance           Hex            ##......     14%         3    ###....
 Dazzling Spray           Conj/Hex       #.....       26%         3    ###....


Dungeon Overview and Level Annotations

Branches:
Dungeon (2/15)


Innate Abilities, Weirdness & Mutations

You have an increased reservoir of magic. (+10% MP)


Message History

The worm is lightly wounded.
A goblin comes into view.
The goblin shouts!
You hit the worm.
The worm is lightly wounded.
The goblin throws a stone.
The stone hits you. The worm misses you.
You hit the worm but do no damage.
The goblin throws a stone.
The stone hits you.
* * * LOW HITPOINT WARNING * * *
You hit the worm but do no damage.
The worm stops glowing.
The goblin throws a stone.
The stone hits you but does no damage. The worm misses you.
You hit the worm.
The worm is lightly wounded.
The goblin drinks a potion.
The goblin seems to speed up.
You barely miss the worm.
The worm is lightly wounded.
The goblin throws a stone.
The stone hits you but does no damage. The worm bites you!
You die...

.# .# #.# #.# .### #.# .#
.... #.## .##.. ..
#..##..#####....# ...
#...@#......##.. #..
##....w.........####..
._###...........##..##..#
#.###..........###.....#. .
#. #.......<.......###..
..###'###.........#.#........
..................#...##.....
.###......g.......#........#.
..................)).........


You could see a worm and a goblin.

Vanquished Creatures
  2 giant cockroaches (D:1)
  3 goblins
  7 hobgoblins
  4 jackals (D:2)
  2 kobolds (D:1)
  A bat (D:1)
  2 frilled lizards (D:2)
  5 rats
26 creatures vanquished.

Notes
Turn   | Place    | Note
-------+----------+-------------------------------------------
     0 | D:1      | myga the Demigod Enchanter began the quest for the Orb.
     0 | D:1      | Reached XP level 1. HP: 14/14 MP: 5/5
   210 | D:1      | Reached skill level 1 in Short Blades
   476 | D:1      | Reached XP level 2. HP: 18/20 MP: 5/7
  1138 | D:2      | Learned a level 2 spell: Ensorcelled Hibernation
  1217 | D:2      | Found a white marble altar of Elyvilon.
  1379 | D:2      | Slain by a worm

Skill      XL: |  1  2 |
---------------+-------+-----
Short Blades   | 1 |  1.2
Spellcasting   | 2 |  2.0
Stealth        | 3 |  3.0
Hexes          | 3 |  3.1
Dodging        | |  1.9
Ice Magic      | |  0.1

Action                   || total
-------------------------++-------
Melee: Dagger            ||    93
 Cast: Corona            ||     5
       Ensorcelled Hiber ||    11
  Use: Scroll            ||     1
       Potion            ||     1
 Stab: Sleeping          ||     7
  Eat: Chunk             ||     1
Armor: Robe              ||     8
       Skin              ||     5
Dodge: Dodged            ||    40
